 Dungeon Crawl Stone Soup version 0.27-a0-836-gfc908b8576 (webtiles) character file.

Game seed: 11321811877539180692

194 robertstho the Magician (level 5, -1/38 HPs)
             Began as a Djinni Summoner on Mar 31, 2021.
             Slain by Duvessa
             ... wielding a +2 antimagic short sword
              (10 damage)
             ... on level 4 of the Dungeon.
             The game lasted 00:04:05 (2502 turns).

robertstho the Magician (Djinni Summoner)           Turns: 2502, Time: 00:04:06

Health: -1/38      AC:  2    Str:  7    XL:     5   Next: 73%
Gold:   64         EV: 12    Int: 18    God:
                   SH:  0    Dex: 13

rFire    + + .     SeeInvis .   e - +1 short sword (venom)
rCold    x . .     Faith    .   (no shield)
rNeg     . . .     Spirit   .   a - +0 robe
rPois    ∞         Reflect  .   (no helmet)
rElec    .         Harm     .   (no cloak)
rCorr    .         Rampage  .   (no gloves)
Will     .....                  (boots unavailable)
Stlth    ++........             (no amulet)
HPRegen  0.12/turn              (no ring)
MPRegen  0.00/turn              (no ring)

@: flying
A: fire resistance 2, cold vulnerability 1, float, innate caster, hp casting,
extra vitality 1
a: no special abilities


You were on level 4 of the Dungeon.
You visited 1 branch of the dungeon, and saw 3 of its levels.

You collected 64 gold pieces.

Inventory:

Hand Weapons
 b - a +0 falchion
 e - a +1 short sword of venom (weapon)
 f - a +2 short sword of freezing
Armour
 a - a +0 robe (worn)
Scrolls
 c - a scroll of magic mapping {unknown}
 h - a scroll of enchant weapon {unknown}
 i - a scroll of noise {unknown}
Potions
 d - 2 potions of brilliance {unknown}
 g - a potion of might {unknown}


   Skills:
 * Level 1.9 Fighting
 + Level 0.2(0.4) Short Blades
 + Level 0.4(0.5) Long Blades
 + Level 2.4 Dodging
 + Level 1.6 Stealth
 * Level 5.3 Spellcasting


You couldn't memorise any spells.
You knew the following spells:

 Your Spells              Type           Power      Damage    Failure   Level
a - Summon Small Mammal   Summ           96%        N/A       1%          1
b - Call Imp              Summ           24%        N/A       2%          2
c - Call Canine Familiar  Summ           24%        N/A       4%          3
d - Summon Guardian Gole  Hex/Summ       24%        N/A       4%          3
e - Summon Lightning Spi  Summ/Air       24%        N/A       14%         4
f - Summon Ice Beast      Ice/Summ       24%        N/A       14%         4
g - Sandblast             Erth           48%        2d12      1%          1
h - Searing Ray           Conj           48%        3d5       2%          2
Your spell library was empty.

Dungeon Overview and Level Annotations

Branches:
Dungeon (2/15)

Altars:

Annotations:
D:4 Dowan, Duvessa


Innate Abilities, Weirdness & Mutations

You are immune to poison.
Your flesh is very heat resistant. (rF++)
You are vulnerable to cold. (rC-)
You float through the air rather than walking.
You learn spells naturally, not from books.
Your magical power is your life essence.
You have superior vitality. (+4 HP)


Message History

Your hound closely misses Duvessa.
Your rat bites Duvessa.
Your crimson imp blinks!
Your crimson imp hits Duvessa.
Duvessa hits your hound with a +2 antimagic short sword.
Your hound closely misses Duvessa.
Your rat bites Duvessa.
Your hound bites Duvessa.
Your crimson imp hits Duvessa but does no damage.
Duvessa closely misses your hound.
Your hound bites Duvessa but does no damage.
Your rat barely misses Duvessa.
Your crimson imp hits Duvessa but does no damage.
Duvessa hits your hound with a +2 antimagic short sword!
Your hound dies!
Your hound's corpse disappears in a puff of smoke!
Your rat bites Duvessa but does no damage.
Your crimson imp closely misses Duvessa.
Casting: Call Canine Familiar (dangerous; 4% risk of failure)
Confirm with . or Enter, or press ? or * to list all spells.
Your crimson imp blinks!
Dowan hits your rat with a +3 dagger of venom!
Your rat dies!
Your rat's corpse disappears in a puff of smoke!
Your crimson imp disappears in a puff of smoke!
Your hound bites Duvessa but does no damage.
Dowan hits your crimson imp with a +3 dagger of venom.
Your hound barely misses Duvessa.
Your crimson imp closely misses Dowan.
Dowan misses your crimson imp.
Your hound bites Duvessa but does no damage.
Your crimson imp blinks!
Your hound bites Duvessa.
Dowan casts a spell at you.
Your hound is outlined in light.
Duvessa hits you with a +2 antimagic short sword!
* * * LOW HITPOINT WARNING * * *
You barely miss Duvessa.
Duvessa is moderately wounded.
Dowan gestures at you while chanting. The puff of frost hits your hound!
Duvessa hits you with a +2 antimagic short sword!
You die...

....#####..... .########
.............# .......#
.............# ......#
.............# .....#
.....)....... ....# ...........
##### .5.#####.
#....s#+####...######........
#.....#...'.........#........
#...)†#...#..@e..h..e..).....
#.....#...#.........#........
#.....'...#.........#........
#.....#...###..###5.#........
.....####...###..###..########.
.....#.....).#....#....#
......+.......#....#....#
......#......)'....#....# ..
... #.......#.)).#....# ...


You could see Duvessa (ally target), Dowan (ally target), a friendly hound
(summoned, corona) and a friendly crimson imp (summoned).

Vanquished Creatures
  3 ball pythons (D:1)
  2 endoplasms (D:1)
  3 goblins
  2 jackals (D:1)
  2 kobolds (D:1)
  2 quokkas
  3 bats (D:1)
  A frilled lizard (D:1)
  A rat (D:1)
19 creatures vanquished.

Vanquished Creatures (collateral kills)
  Sigmund (D:4)
  A scorpion (D:4)
  An iguana (D:4)
  Natasha (D:2)
  2 adders (D:2)
  A worm (D:2)
  A dart slug (D:1)
  5 orcs (D:4)
  4 endoplasms
  3 goblins
  4 hobgoblins
  2 jackals (D:1)
  2 bats (D:1)
  2 frilled lizards (D:2)
  3 kobolds (D:1)
33 creatures vanquished.

Grand Total: 52 creatures vanquished

Notes
Turn   | Place    | Note
-------+----------+-------------------------------------------
     0 | D:1      | robertstho the Djinni Summoner began the quest for the Orb.
     0 | D:1      | Reached XP level 1. HP: 15/15 MP: 0/0
   447 | D:1      | Reached XP level 2. HP: 21/21 MP: 0/0
   558 | D:1      | Reached skill level 4 in Spellcasting
  1205 | D:1      | Reached XP level 3. HP: 21/26 MP: 0/0
  1205 | D:1      | Learned a level 1 spell: Sandblast
  1803 | D:2      | Noticed Natasha
  1820 | D:2      | Killed Natasha
  1821 | D:2      | Reached skill level 1 in Fighting
  1994 | D:2      | Reached XP level 4. HP: 24/32 MP: 0/0
  2092 | D:2      | You are sucked into a shaft and drop 2 floors!
  2293 | D:4      | Noticed Sigmund
  2293 | D:4      | Noticed a scorpion
  2305 | D:4      | Killed a scorpion
  2306 | D:4      | Reached skill level 5 in Spellcasting
  2306 | D:4      | Reached XP level 5. HP: 34/37 MP: 0/0
  2306 | D:4      | Learned a level 2 spell: Searing Ray
  2326 | D:4      | Killed Sigmund
  2471 | D:4      | Noticed Dowan
  2472 | D:4      | Noticed Duvessa
  2502 | D:4      | Slain by Duvessa

Illustrated notes

Levels and vault maps discovered:
D:1:      nzn_arrival_depleted_hourglass, layout_basic
D:2:      layout_loops_ring, uniq_natasha
D:4:      layout_gridville, corexii_checkpoint_a, uniq_sigmund, uniq_duvessa

Skill      XL: |  1  2  3  4 |
---------------+-------------+-----
Spellcasting   | 4 5 |  5.3
Fighting       | 1 |  1.9
Short Blades   | |  0.2
Long Blades    | |  0.4
Dodging        | |  2.4
Stealth        | |  1.6

Action                   |  1- 3 |  4- 6 || total
-------------------------+-------+-------++-------
Melee: Falchion          |    20 |       ||    20
       Short sword       |    10 |     3 ||    13
 Cast: Summon Small Mamm |    32 |     4 ||    36
       Call Imp          |    14 |    12 ||    26
       Call Canine Famil |       |     7 ||     7
 Stab: Sleeping          |     2 |       ||     2
Armor: Robe              |     9 |     1 ||    10
Dodge: Dodged            |    28 |     3 ||    31
       Rpst.: Falchion   |     6 |       ||     6

Table legend: (Time is in decaauts)
 A = Elapsed time spent in this place.
 B = Non-inter-level travel time spent in this place.
 C = Inter-level travel time spent in this place.
 D = Time resting spent in this place.
 E = Time spent auto-exploring this place.
 F = Levels seen in this place.
 G = Mean time per level.
                   A        B        C        D        E       F      G
               +--------+--------+--------+--------+--------+-----+--------+
         Total |   2507 |   2493 |     14 |      0 |   2024 |   3 |  835.7 |
       Dungeon |   2507 |   2493 |     14 |      0 |   2024 |   3 |  835.7 |
               +--------+--------+--------+--------+--------+-----+--------+

Top non-repeatable levels by time:
     D:1: 1523 daAuts
     D:2: 573 daAuts
     D:4: 409 daAuts
